 Dungeon Crawl Stone Soup version 0.28-a0-1152-g9c71ebef14 (webtiles) character file.

Game seed: 11942070618326734069

35 Redcow54321 the Ruffian (level 3, -11/36 HPs)
             Began as a Troll Fighter on Dec 14, 2021.
             Mangled by a tentacled starspawn (18 damage)
             ... on level 1 of the Abyss.
             The game lasted 00:01:56 (881 turns).

Redcow54321 the Ruffian (Troll Fighter)              Turns: 881, Time: 00:01:58

Health: -11/36     AC:  4    Str: 26    XL:     3   Next: 16%
Magic:  2/2        EV:  7    Int:  4    God:
Gold:   86         SH:  0    Dex:  9    Spells: 2/2 levels left

rFire   . . .      SeeInvis .     - Unarmed
rCold   . . .      Faith    .   (no shield)
rNeg    . . .      Spirit   .   a - +0 robe
rPois   .          Reflect  .   (helmet restricted)
rElec   .          Harm     .   (no cloak)
rCorr   .          Rampage  .   (gloves unavailable)
Will    .....                   (boots unavailable)
Stlth   +.........              (no amulet)
HPRegen 0.92/turn               (no ring)
MPRegen 0.08/turn               (no ring)

@: constricted
A: large, unfitting armour, claws 3, regeneration 1, shaggy fur 1, tough skin 1
a: no special abilities


You were on level 1 of the Abyss.
You visited 1 branch of the dungeon, and saw 2 of its levels.
You visited the Abyss 1 time.

You collected 86 gold pieces.

Inventory:

Armour
 a - a +0 robe (worn)
 b - a +0 kite shield
Scrolls
 d - a scroll of blinking {unknown}
 e - a scroll of brand weapon {unknown}
 f - 2 scrolls of identify {unknown}
 g - 2 scrolls of teleportation {unknown}
 h - a scroll of noise {unknown}
Potions
 c - a potion of might
 i - a potion of brilliance
 j - a potion of curing {unknown}


   Skills:
 - Level 2.4 Fighting
 - Level 2.4 Dodging
 - Level 2.4 Shields
 * Level 3.6 Unarmed Combat


You had 2 spell levels left.
You didn't know any spells.
Your spell library contained the following spells:

 Spells                   Type           Power      Damage    Failure   Level
 Shock                    Conj/Air       0%         1d3       50%         1
 Swiftness                Air            0%         N/A       86%         3
 Airstrike                Air            0%         N/A       99%         4


Dungeon Overview and Level Annotations

Branches:
Dungeon (2/15)

Altars:

Annotations:
D:2 Sigmund


Innate Abilities, Weirdness & Mutations

You are too large for most types of armour.
You have claws for hands.
Your natural rate of healing is unusually fast.
You are covered in fur. (AC +1)
You have tough skin. (AC +1)


Message History

This branch contains the abyssal rune of Zot.
Reactivating autopickup.
Found a morningstar.
HP restored.
Found 29 stones.
j - an orange potion You now have 86 gold pieces (gained 20).
A tentacled starspawn comes into view.
Tentacles burst from the starspawn's body! 2 starspawn tentacles come into view.
A white imp comes into view.
Found 28 gold pieces.
A tentacle flies out from the starspawn's body!
A starspawn tentacle comes into view.
A starspawn tentacle comes into view.
Found a shortbow.
Tentacles burst from the starspawn's body! 2 starspawn tentacles come into view.
The starspawn tentacle misses you. The starspawn tentacle grabs you.
The starspawn tentacle constricts you.
You scratch the tentacled starspawn.
The starspawn tentacle loses its grip on you.
The tentacled starspawn is lightly damaged.
The tentacled starspawn bites you.
The tentacled starspawn barely misses you.
You scratch the tentacled starspawn.
The tentacled starspawn is lightly damaged.
The starspawn tentacle grabs you. The starspawn tentacle constricts you.
The tentacled starspawn bites you but does no damage.
The tentacled starspawn tentacle-slaps you!!
Ouch! That really hurt!
* * * LOW HITPOINT WARNING * * *
You escape the starspawn tentacle's grasp.
Found 24 stones.
The starspawn tentacle grabs you. The starspawn tentacle constricts you.
* * * LOW HITPOINT WARNING * * *
The tentacled starspawn completely misses you.
The tentacled starspawn tentacle-slaps you!!
Ouch! That really hurt!
You die...

.. . # ...
#....... $
....... ##
..##........ .
.. .. #.. ##
.... ####. . .
....#####.#.#.#.
.. ..
.##..###.#.#.
#)..##.#.#####
###.......#
#.wX#.#..#
#.@w.....#
###.#####.#
#.#.. .# .#....
.# ##.#.#.# #
.#.... #..###
#(.


You could see a tentacled starspawn and 2 starspawn tentacles.

Vanquished Creatures
  2 worms (D:2)
  A dart slug (D:2)
  7 ball pythons
  3 endoplasms
  3 goblins
  2 hobgoblins (D:1)
  A jackal (D:1)
  2 quokkas
  2 bats (D:1)
  3 frilled lizards
  A rat (D:1)
27 creatures vanquished.

Vanquished Creatures (others)
  4 starspawn tentacles (Abyss:1)
4 creatures vanquished.

Grand Total: 31 creatures vanquished

Notes
Turn   | Place    | Note
-------+----------+-------------------------------------------
     0 | D:1      | Redcow54321 the Troll Fighter began the quest for the Orb.
     0 | D:1      | Reached XP level 1. HP: 22/22 MP: 0/0
   338 | D:1      | Reached XP level 2. HP: 28/29 MP: 1/1
   378 | D:1      | Reached skill level 3 in Unarmed Combat
   671 | D:2      | Found a faded altar of an unknown god.
   679 | D:2      | Reached XP level 3. HP: 36/36 MP: 2/2
   812 | D:2      | Noticed Sigmund
   818 | D:2      | Cast into level 1 of the Abyss (Sigmund)
   856 | Abyss:1  | Noticed a tentacled starspawn
   881 | Abyss:1  | Mangled by a tentacled starspawn

Illustrated notes

Levels and vault maps discovered:
D:1:      dpeg_arrival_ternary, layout_loops_ring, minmay_pentomino_x4
D:2:      layout_basic, nicolae_ecumenical_snake_handling, minmay_unequal,
          uniq_jessica, uniq_sigmund
Abyss:1:  base: D:1, hangedman_decor_points

Skill      XL: |  1  2 |
---------------+-------+-----
Unarmed Combat | 3 |  3.6
Fighting       | |  2.4
Dodging        | |  2.4
Shields        | |  2.4

Action                   || total
-------------------------++-------
Melee: Unarmed           ||    79
       Punch             ||     1
Armor: Robe              ||    26
Dodge: Dodged            ||    36
Block: Kite shield       ||     3

Table legend: (Time is in decaauts)
 A = Elapsed time spent in this place.
 B = Non-inter-level travel time spent in this place.
 C = Inter-level travel time spent in this place.
 D = Time resting spent in this place.
 E = Time spent auto-exploring this place.
 F = Levels seen in this place.
 G = Mean time per level.
                   A        B        C        D        E       F      G
               +--------+--------+--------+--------+--------+-----+--------+
         Total |    878 |    856 |     22 |      0 |    661 |   3 |  292.7 |
       Dungeon |    815 |    793 |     22 |      0 |    628 |   2 |  407.5 |
         Abyss |     62 |     62 |      0 |      0 |     33 |   1 |   62.0 |
               +--------+--------+--------+--------+--------+-----+--------+

Top non-repeatable levels by time:
     D:1: 576 daAuts
     D:2: 239 daAuts
 Abyss:1: 62 daAuts
